 Dungeon Crawl Stone Soup version 0.30-a0-808-g6e0788376e (webtiles) character file.

Game seed: 16227562105394979031

77 Demosthentine the Poker (level 4, -3/34 HPs)
             Began as a Demonspawn Gladiator on Feb 26, 2023.
             Slain by a gnoll
             ... wielding a +0 halberd
              (6 damage)
             ... on level 2 of the Dungeon.
             The game lasted 00:01:48 (1435 turns).

Demosthentine the Poker (Demonspawn Gladiator)      Turns: 1435, Time: 00:01:49

Health: -3/34      AC:  3    Str: 14    XL:     4   Next: 13%
Magic:  4/4        EV: 12    Int: 10    God:
Gold:   81         SH:  0    Dex: 16    Spells: 3/3 levels left

rFire   + . .      SeeInvis .    a - +1 trident
rCold   + . .      Faith    .    (no shield)
rNeg    . . .      Spirit   .    b - +0 leather armour
rPois   +          Reflect  .    (helmet restricted)
rElec   +          Harm     .    (no cloak)
rCorr   +          Rampage  .    (no gloves)
Will    .....                    (no boots)
Stlth   +                        (no amulet)
HPRegen 0.25/turn                (no ring)
MPRegen 0.09/turn                (no ring)

@: resistant
A: horns 1
a: no special abilities


You were on level 2 of the Dungeon.
You visited 1 branch of the dungeon, and saw 2 of its levels.

You collected 81 gold pieces.

Inventory:

Hand Weapons
 a - a +1 trident (weapon)
Missiles
 d - 3 throwing nets (quivered)
 e - a javelin
Armour
 b - a +0 leather armour (worn)
Jewellery
 c - a ring of fire
 n - a ring of fire
Scrolls
 j - a scroll of enchant weapon
 k - 3 scrolls of identify {unknown}
 m - a scroll of teleportation {unknown}
Potions
 f - a potion of lignification {unknown}
 g - a potion of haste {unknown}
 h - a potion of curing {unknown}
 i - a potion of berserk rage {unknown}


   Skills:
 + Level 2.7 Fighting
 + Level 3.2 Polearms
 - Level 1.7 Throwing
 + Level 1.4 Armour
 + Level 3.2 Dodging


You had 3 spell levels left.
You didn't know any spells.
Your spell library was empty.

Dungeon Overview and Level Annotations

Branches:
Dungeon (2/15)

Altars:


Innate Abilities, Weirdness & Mutations

You have a pair of small horns on your head.


Message History

You see here a smoky inky potion.
You reach to attack!
You barely miss the quokka.
The gnoll shouts!
A gnoll comes into view. It is wielding a +0 halberd.
The quokka twitches its whiskers.
There are monsters nearby!
The gnoll shouts!
You hit the quokka. You headbutt the quokka.
You kill the quokka!
There are monsters nearby!
There are monsters nearby!
You reach to attack!
You hit the gnoll.
The gnoll is moderately wounded.
The gnoll hits you from afar with a +0 halberd!
You barely miss the gnoll. Your punch misses the gnoll.
The gnoll is moderately wounded.
The gnoll hits you with a +0 club. The gnoll closely misses you. x3
The gnoll barely misses you. The gnoll closely misses you.
Unknown command.
The gnoll attacks as you move away! The gnoll hits you with a +0 flail!
The gnoll attacks as you move away! The gnoll hits you with a +0 club.
The gnoll attacks as you move away! The gnoll closely misses you.
The gnoll attacks as you move away! The gnoll barely misses you.
The gnoll attacks as you move away! The gnoll closely misses you.
The gnoll attacks as you move away! The gnoll hits you with a +0 club.
There is a stone staircase leading up here.
The gnoll attacks as you move away! The gnoll hits you with a +0 club.
* * * LOW HITPOINT WARNING * * *
Okay, then.
The gnoll attacks as you move away! The gnoll closely misses you.
The gnoll attacks as you move away! The gnoll closely misses you.
The gnoll attacks as you move away! The gnoll hits you with a +0 club.
* * * LOW HITPOINT WARNING * * *
The gnoll attacks as you move away! The gnoll hits you with a +0 club.
* * * LOW HITPOINT WARNING * * *
The gnoll attacks as you move away! The gnoll misses you.
It was a potion of resistance.
You feel protected.
The gnoll hits you from afar with a +0 halberd.
You die...

...............†......# #........
.##.#..######.#.......# #.####.#.
.......# #.#.......# #.# #.##
.##....######.#.......# #.# #.#
......................# #.####.##
......(...###.#.......# #.#......
.##....##.# #.#.......# #.#......
.......##.###.#.#########.#..#.##
.............gg.@................
................g................
................########..##.###.
..........###.#.########..##.###.
###...##.........)........##.....
##........#####.####.............
<..................####...######.
.##.#..#..#####.##.####...######.
..........#####.##....#...#...)..


You could see 3 gnolls.

Vanquished Creatures
  4 gnolls
  A dart slug (D:2)
  6 ball pythons
  3 endoplasms
  A giant cockroach (D:2)
  2 goblins
  A hobgoblin (D:2)
  2 jackals (D:2)
  3 kobolds (D:2)
  2 quokkas (D:2)
  7 bats
  4 frilled lizards
  A rat (D:2)
37 creatures vanquished.

Notes
Turn   | Place    | Note
-------+----------+-------------------------------------------
     0 | D:1      | Demosthentine the Demonspawn Gladiator began the quest for
                  | the Orb.
     0 | D:1      | Reached XP level 1. HP: 16/16 MP: 1/1
   246 | D:1      | Gained mutation: You have a pair of small horns on your
                  | head. [demonic ancestry]
   246 | D:1      | Reached XP level 2. HP: 19/22 MP: 2/2
   339 | D:1      | Found a faded altar of an unknown god.
   723 | D:2      | Reached skill level 1 in Armour
   729 | D:2      | Reached XP level 3. HP: 28/28 MP: 3/3
  1323 | D:2      | Reached XP level 4. HP: 31/34 MP: 4/4
  1435 | D:2      | Slain by a gnoll

Illustrated notes

Levels and vault maps discovered:
D:1:      minmay_arrival_doors, layout_rooms, nicolae_ecumenical_snake_handling,
          kennysheep_another_room
D:2:      layout_basic

Skill      XL: |  1  2 |
---------------+-------+-----
Polearms       | 3 |  3.2
Armour         | 1 |  1.4
Dodging        | 3 |  3.2
Fighting       | |  2.7
Throwing       | |  1.7

Action                     |  1- 3 |  4- 6 || total
---------------------------+-------+-------++-------
  Melee: Trident           |   103 |     7 ||   110
         Punch             |     2 |       ||     2
         Headbutt          |     9 |     1 ||    10
    Use: Scroll            |     1 |       ||     1
         Potion            |       |     1 ||     1
   Stab: Sleeping          |     1 |       ||     1
 Armour: Leather armour    |    22 |       ||    22
  Dodge: Dodged            |    61 |    12 ||    73

Table legend: (Time is in decaauts)
 A = Elapsed time spent in this place.
 B = Non-inter-level travel time spent in this place.
 C = Inter-level travel time spent in this place.
 D = Time resting spent in this place.
 E = Time spent auto-exploring this place.
 F = Levels seen in this place.
 G = Mean time per level.
                   A        B        C        D        E       F      G
               +--------+--------+--------+--------+--------+-----+--------+
         Total |   1454 |   1425 |     29 |    111 |    985 |   2 |  727.0 |
       Dungeon |   1454 |   1425 |     29 |    111 |    985 |   2 |  727.0 |
               +--------+--------+--------+--------+--------+-----+--------+

Top non-repeatable levels by time:
     D:2: 845 daAuts
     D:1: 608 daAuts
